 Dungeon Crawl Stone Soup version 0.18.1-48-g4cf74bf (webtiles) character file.

56 kobby the Skirmisher (level 3, 0/36 HPs)
             Began as a Naga Berserker on July 14, 2016.
             Was a Follower of Trog.
             Slain by a wight
             ... wielding a +2 dire flail of freezing
              (3 damage)
             ... on level 2 of the Dungeon.
             The game lasted 00:03:09 (1882 turns).

kobby the Skirmisher (Naga Berserker)               Turns: 1882, Time: 00:03:10

Health: 0/36       AC:  4    Str: 20    XL:     3   Next: 95%
Magic:  3/3        EV:  9    Int:  7    God:    Trog [*.....]
Gold:   70         SH:  0    Dex: 10    Spells: 0 memorised, 2 levels left

rFire  . . .     SeeInvis +     a - +0 falchion
rCold  . . .     Gourm    .     m - +1 leather armour {rPois}
rNeg   . . .     Faith    .     (no shield)
rPois  +         Spirit   .     e - +0 helmet
rElec  .         Dismiss  .     (no cloak)
rCorr  .         Reflect  .     (no gloves)
SustAt .         Harm     .     (no barding)
MR     .....                    (no amulet)
Stlth  +.........               (no ring)
                                (no ring)

@: drained, very slow, not resistant to hostile enchantments, very unstealthy
A: see invisible, deformed body, poison resistance, slowness 2, slow metabolism
1, spit poison 2, AC +1
a: Spit Poison, Berserk, Burn Spellbooks, Renounce Religion


You were on level 2 of the Dungeon.
You worshipped Trog.
Trog was aware of your devotion.
You were not hungry.

You visited 1 branch of the dungeon, and saw 2 of its levels.

You collected 70 gold pieces.

Inventory:

Hand Weapons
 a - a +0 falchion (weapon)
Armour
 b - a +0 animal skin
 e - a +0 helmet (worn)
 m - a +1 leather armour of poison resistance (worn)
Scrolls
 d - 2 scrolls of identify {unknown}
 h - 3 scrolls of magic mapping {unknown}
 j - 3 scrolls of amnesia {unknown}
 o - a scroll of enchant weapon {unknown}
Potions
 g - a potion of might {unknown}
 i - a potion of invisibility {unknown}
 l - 2 potions of berserk rage {unknown}
 n - a potion of brilliance {unknown}
 p - a potion of haste {unknown}
 q - a potion of flight {unknown}
Comestibles
 c - a bread ration
 f - a slice of pizza
 k - a meat ration


   Skills:
 + Level 4.0(3.0) Fighting
 + Level 3.3(2.4) Long Blades
 + Level 1.7(0.9) Armour
 + Level 2.0(1.2) Dodging


You had 2 spell levels left.
You didn't know any spells.

Dungeon Overview and Level Annotations

Branches:
Dungeon (2/15)

Altars:


Innate Abilities, Weirdness & Mutations

You cannot wear boots.
Your serpentine skin is tough (AC +1).
You have supernaturally acute eyesight.
Armour fits poorly on your strangely shaped body.
Your system is resistant to poisons.
You cover ground very slowly.
You have a slow metabolism.
You can spit poison.


Message History

You hit the wight.
The wight is moderately damaged.
The wight hits you with a hand axe of freezing!
You feel drained. The wight freezes you.
* * * LOW HITPOINT WARNING * * *
You hit the wight.
The wight is heavily damaged.
The wight closely misses you.
A wight comes into view. It is wielding a spear.
A wight comes into view. It is wielding a halberd.
The wight barely misses you. The wight hits you with a battleaxe.
* * * LOW HITPOINT WARNING * * *
The wight closely misses you.
A wight comes into view.
It is wielding a dire flail of freezing.
The wight barely misses you.
The wight hits you with a dire flail of freezing!
* * * LOW HITPOINT WARNING * * *
You feel drained.
You die...

#......#.##.####....####..
#.................#z# #..
#...........####..#.####..
#.#.z###......#...........
#..# #......#...#.####.. #
#.z# #......#...........
#.#..# #......#...#...†...
####.#..###.z........######.#
.......zzzz.@..###.........(.
.###.#..######+###...########
#.#..# #....#...##### #. #
#..# #....#...#...# #. #..#
#....#...#...###. #..#
#....#........... #..#
#....#..########. #..#
#.......# #. #..# #....#..#
#.


You could see 5 wights.

Vanquished Creatures
  2 adders (D:2)
  An ooze (D:2)
  2 worms (D:2)
  A dart slug (D:1)
  A giant gecko (D:2)
  3 bats
  4 goblins
  3 hobgoblins
  A jackal (D:2)
  3 kobolds
  A giant newt (D:2)
  3 rats
25 creatures vanquished.

Notes
Turn   | Place    | Note
--------------------------------------------------------------
     0 | D:1      | kobby the Naga Berserker began the quest for the Orb.
     0 | D:1      | Reached XP level 1. HP: 21/21 MP: 1/1
   154 | D:1      | Reached XP level 2. HP: 18/28 MP: 2/2
  1036 | D:2      | Reached XP level 3. HP: 19/34 MP: 3/3
  1775 | D:2      | Reached skill level 4 in Fighting
  1882 | D:2      | Slain by a wight

Skill      XL: |  1  2  3 |
---------------+----------+-----
Dodging        | 2 |  2.0
Fighting       | 4 |  4.0
Long Blades    | |  3.3
Armour         | |  1.7

Action                   || total
-------------------------++-------
Melee: Falchion          ||   110
  Eat: Fruit             ||     2
Armor: Animal skin       ||    11
       Leather armour    ||    25
Dodge: Dodged            ||    57
